Map: [ESL] Amphion

Players

HeroMarine

  • Race: Terran Terran
  • Spawn Location: 11:00

MaxPax - Winner!

  • Race: Protoss Protoss
  • Spawn Location: 7:00

Event: ESL SC2 Masters 2024 Spring (Regional)

VOD

Have the link to the VOD?

Description

Time

  • Played on: May 3, 2024, 11:48 a.m.
  • Length: 6:43

All games in this series

Show
View Real Time Build Order
Export as new Build Order

HeroMarine Terran 

Build Orders:  

Get SALT Encoding   

  12  0:00  SCV  
  13  0:12  SCV  
  14  0:17  Supply Depot  
  14  0:24  SCV  
  15  0:39  SCV  
  15  0:40  Barracks  
  16  0:44  Refinery  
  16  0:51  SCV  
  16  0:55  Refinery  
  17  1:03  SCV  
  18  1:15  SCV  
  19  1:27  Orbital Command, Reaper  
  20  1:42  Factory  
  20  1:52  Supply Depot  
  20  1:53  SCV  
  21  2:00  Barracks Reactor  
  21  2:05  SCV  
  22  2:17  SCV  
  22  2:20  Command Center  
  23  2:29  SCV  
  24  2:32  Starport  
  24  2:36  Widow Mine  
  26  2:42  SCV  
  26  2:44  Supply Depot  
  26  2:46  Marine  
  26  2:49  Marine  
  28  2:54  SCV  
  29  3:00  Cyclone  
  31  3:06  SCV, Marine  
  31  3:08  Marine  
  34  3:14  Medivac  
  34  3:18  SCV  
  37  3:24  Marine  
  37  3:26  Marine  
  39  3:31  SCV  
  40  3:43  SCV  
  40  3:44  Viking  
  43  3:49  Orbital Command  
  43  3:52  Cyclone  
  43  3:54  Cyclone  
  47  3:57  SCV  
  48  4:09  SCV  
  49  4:16  SCV  
  47  4:20  Starport Tech Lab  
  47  4:21  SCV, Supply Depot  
  48  4:24  Cyclone  
  48  4:27  Cyclone  
  52  4:32  SCV  
  52  4:34  SCV  
  54  4:43  Raven  
  54  4:44  SCV, Supply Depot  
  57  4:46  SCV, Marine  
  56  4:56  SCV, Command Center  
  56  4:58  SCV  
  58  5:01  Cyclone  
  58  5:03  Cyclone  
  61  5:08  SCV  
  61  5:10  SCV  
  61  5:13  Supply Depot, Refinery  
  62  5:18  Interference Matrix  
  62  5:19  Barracks Tech Lab  
  62  5:20  SCV  
  63  5:22  SCV  
  63  5:24  Viking  
  66  5:32  SCV  
  66  5:34  SCV  
  66  5:47  SCV x2  
  71  5:52  Barracks  
  71  5:56  Barracks  
  66  5:59  SCV x2  
  66  6:01  Marine  
  66  6:02  Siege Tank, Marine  
  70  6:07  Engineering Bay, Refinery  
  70  6:09  Engineering Bay  
  70  6:10  Orbital Command  
  70  6:11  SCV x2  
  70  6:19  Marine x2  
  70  6:23  SCV x2  
Show
View Real Time Build Order
Export as new Build Order

MaxPax Protoss - Winner!

Build Orders: 1 Gate Expand, Phoenix Opening 

Get SALT Encoding   

  12  0:00  Probe  
  13  0:12  Probe  
  14  0:19  Pylon  
  14  0:24  Probe (Chrono Boost)  
  15  0:37  Gateway  
  15  0:38  Probe (Chrono Boost)  
  16  0:44  Probe (Chrono Boost)  
  16  0:47  Assimilator  
  17  0:52  Probe  
  18  1:04  Probe  
  19  1:17  Probe  
  20  1:24  Cybernetics Core  
  20  1:33  Nexus  
  20  1:36  Probe  
  21  1:43  Pylon  
  21  1:48  Probe  
  21  1:51  Assimilator  
  22  1:58  Adept (Chrono Boost)  
  22  2:00  Probe  
  25  2:13  Probe  
  26  2:18  Adept (Chrono Boost)  
  28  2:25  Probe  
  28  2:29  Stargate  
  29  2:38  Probe (Chrono Boost)  
  30  2:45  Warp Gate, Probe (Chrono Boost), Adept  
  34  2:54  Probe (Chrono Boost)  
  34  2:55  Probe (Chrono Boost)  
  35  3:00  Probe (Chrono Boost)  
  35  3:01  Probe  
  37  3:05  Pylon  
  37  3:12  Probe  
  38  3:13  Phoenix (Chrono Boost)  
  38  3:14  Probe  
  41  3:21  Gateway  
  41  3:24  Probe  
  41  3:26  Probe  
  43  3:31  Phoenix (Chrono Boost)  
  45  3:34  Assimilator  
  45  3:36  Probe  
  45  3:38  Assimilator  
  45  3:39  Probe  
  47  3:48  Probe  
  48  3:52  Robotics Facility, Probe  
  48  3:55  Phoenix (Chrono Boost)  
  49  4:00  Probe  
  49  4:02  Shield Battery  
  52  4:04  Probe  
  53  4:12  Probe  
  54  4:18  Pylon  
  54  4:23  Pylon  
  54  4:26  Pylon  
  54  4:35  Pylon, Phoenix (Chrono Boost)  
  54  4:36  Probe x2  
  58  4:39  Immortal  
  62  4:48  Stalker x2, Probe  
  62  4:50  Probe  
  68  4:54  Phoenix  
  70  5:04  Shield Battery  
  66  5:11  Robotics Bay, Probe  
  67  5:16  Immortal (Chrono Boost)  
  71  5:21  Phoenix  
  71  5:27  Stalker x2  
  77  5:30  Probe  
  77  5:31  Probe  
  77  5:48  Nexus  
  77  5:51  Pylon, Sentry  
  77  5:53  Probe  
  77  5:54  Phoenix  
  77  5:55  Observer  
  82  5:59  Probe  
  84  6:05  Probe  
  84  6:10  Pylon, Stalker  
  84  6:11  Probe  
  88  6:17  Probe  
  87  6:27  Probe  
  92  6:41  Stalker x2  
Tags
 
Add a new tag
Caveats
  • Supply blocks, unpowered buildings, or Contaminate may cause inaccurate times.
  • Supply counts are checked every 10 seconds.